 Dungeon Crawl Stone Soup version 0.31.0-1-g2c135a008e (webtiles) character file.

Game seed: 11859386795989359618

38475 qw the Skirmisher (level 14, -2/105 HPs)
             Began as a Djinni Hunter on Jan 23, 2024.
             Was a High Priest of Okawaru.
             Slain by a death yak (16 damage)
             ... on level 5 of the Lair of Beasts.
             The game lasted 00:01:29 (13808 turns).

qw the Skirmisher (Djinni Hunter)                  Turns: 13808, Time: 00:01:29

Health: -2/105     AC: 16    Str: 10    XL:     14   Next: 34%
Gold:   820        EV: 22    Int: 11    God:    Okawaru [*****.] SH:  0 Dex: 24

rFire   + + +        v - +5 longbow (heavy)
rCold   x . .        (shield currently unavailable)
rNeg    . . .        s - +3 ring mail "Wuel Rau" {rF++}
rPois   inf          b - +2 helmet {SInv}
rElec   .            u - scarf {repulsion}
rCorr   .            (no gloves)
SInv    +            (boots unavailable)
Will    +....        n - amulet of faith
Stlth   ++           e - +5 ring of evasion
HPRegen 0.37/turn    c - +4 ring of protection
MPRegen 0.00/turn

%: repel missiles, faith, infuse magic (-3 HP)
@: about to teleport, flying
A: sickness immunity, fire resistance 2, cold vulnerability 1, float, innate
caster, HP casting, extra vitality 1, thin skeletal structure 1, MP-powered
wands
a: Renounce Religion, Heroism, Finesse, Duel


You were on level 5 of the Lair of Beasts.
You worshipped Okawaru.
Okawaru was extremely pleased with you.
You visited 3 branches of the dungeon, and saw 16 of its levels.
You also visited: Ossuary.

You collected 820 gold pieces.


Innate Abilities, Weirdness & Mutations

You are immune to sickness and miasma.
You are immune to poison.
Your flesh is very heat resistant. (rF++)
You are vulnerable to cold. (rC-)
You float through the air rather than walking.
You learn spells naturally, not from books.
Your magical power is your life essence.
You have superior vitality. (+4 MHP)
You have a somewhat thin skeletal structure. (Dex +2, Stealth+)
You expend health (3 HP) to strengthen your wands.


   Skills:
 - Level 11.1 Fighting
 - Level 14.0 Ranged Weapons
 + Level 4.4 Armour
 - Level 10.0 Dodging
 - Level 0.7 Stealth
 - Level 10.1 Invocations


You knew the following spells:

 Your Spells              Type           Power      Damage    Failure   Level
a - Sting                 Conj/Alch      0%         1d3       63%         1
b - Blink                 Tloc           0%         N/A       77%         2
c - Teleport Other        Tloc           0%         N/A       94%         3
d - Sigil of Binding      Hex            0%         N/A       94%         3
e - Cause Fear            Hex            0%         N/A       100%        4
f - Summon Forest         Summ/Tloc      0%         N/A       100%        5
Your spell library was empty.

Inventory:

Hand Weapons
 v - a +5 heavy longbow (weapon)
Armour
 b - a +2 helmet of see invisible (worn)
 f - a +2 cloak
 s - the +3 ring mail "Wuel Rau" (worn) {rF++}
   (You found it on level 8 of the Dungeon)

   rF++:      It greatly protects you from fire.
 u - a scarf of repulsion (worn)
Jewellery
 c - a +4 ring of protection (right hand)
 e - a +5 ring of evasion (left hand)
 h - an amulet of the acrobat
 n - an amulet of faith (around neck)
 t - a ring of fire
Wands
 g - a wand of iceblast (3)
 k - a wand of quicksilver (6)
 q - a wand of mindburst (14)
Scrolls
 m - a scroll of enchant armour
 o - 7 scrolls of identify
 p - 9 scrolls of teleportation
 r - a scroll of brand weapon
Potions
 a - a potion of haste
 d - 9 potions of curing
 i - 2 potions of might
 j - 2 potions of enlightenment
 l - 2 potions of resistance

Dungeon Overview and Level Annotations

Branches:
Dungeon (10/15)            Temple (1/1) D:4            Lair (5/5) D:10
 Shoals (0/4) Lair:2       Spider (0/4) Lair:2        Slime (0/5) Lair:4
    Orc (0/2) D:10        Ossuary (visited)

Altars:
Ashenzari
Cheibriados
Dithmenos
Elyvilon
Fedhas
Gozag
Hepliaklqana
Makhleb
Nemelex Xobeh
Okawaru
Qazlal
Ru
Trog
Uskayaw
Wu Jian
Xom
Yredelemnul
Zin
The Shining One
Jiyva

Portals:
Volcano: Lair:2


Message History

A hell rat comes into view.
You shoot an arrow. The arrow hits the death yak!!
You kill the death yak!
Okawaru accepts your kill.
Your Fighting skill increases to level 11!
You shoot an arrow. The arrow hits the death yak.
The death yak is lightly wounded.
The death yak gores you but does no damage.
The death yak misses you.
You shoot an arrow. The arrow hits the death yak!
The death yak is lightly wounded.
The death yak gores you!
You shoot an arrow. The arrow hits the death yak.
The death yak is moderately wounded.
The death yak gores you. The death yak gores you!
You shoot an arrow. The arrow hits the death yak!!
The death yak is severely wounded.
The death yak gores you.
The death yak gores you but does no damage.
You shoot an arrow. The arrow hits the death yak!
The death yak is severely wounded.
The death yak barely misses you.
You shoot an arrow. The arrow hits the death yak.
The death yak is severely wounded.
The death yak gores you! The death yak misses you.
You shoot an arrow. The arrow hits the death yak!!!
You kill the death yak!
Okawaru accepts your kill. The water moccasin closely misses you.
You shoot an arrow. The arrow hits the death yak!
The death yak is lightly wounded.
The death yak gores you!!
You shoot an arrow. The arrow hits the death yak!!
The death yak is heavily wounded.
The death yak gores you!! The death yak barely misses you.
13808 ||| READING 10 scrolls of teleportation.
As you read the scroll of teleportation, it crumbles to dust.
You feel strangely unstable. The death yak gores you!
You die... ............77..7 777

.#...#.##...77.77 7
.......##..77.777
##.....###.777..7
#.....+...777..777
##......#...777...7777
#...........7 777....7
#.......#....7 777...
. #.#..#@###.....7
77.. ...
#####Y###....... 7..
....#..#rSS#.........


777 ....Y................ ................... .YY..............
.....$.....P..... ................. ................. You could see a death yak,
2 water moccasins and a hell rat.

Vanquished Creatures
  Gastronok (Lair:3)
  Snorg (D:10)
  6 hydras
  Harold (Lair:1)
  A catoblepas (Lair:3)
  A two-headed ogre (D:8)
  3 death yaks (Lair:5)
  A skyshark (Lair:3)
  Pikel (D:8)
  6 black mambas
  Joseph (D:9)
  A torpor snail (Lair:1)
  12 cane toads
  3 rime drakes
  5 komodo dragons
  5 polar bears
  7 hornets
  Grinder (D:3)
  5 dream sheep
  8 blink frogs (Lair:3)
  12 spriggans
  A culicivora (Lair:2)
  3 slime creatures (Lair:4)
  A wyvern (Lair:1)
  21 yaks
  A wraith (D:10)
  2 basilisks
  3 redbacks (Lair:2)
  Edmund (D:5)
  2 acid dragons (D:10)
  11 water moccasins
  An orc warrior (D:5)
  5 black bears
  2 ice beasts
  21 wolves (Lair:5)
  3 boggarts (Lair:5)
  5 centaurs
  2 phantoms (D:6)
  An elf zombie (D:7)
  4 kobold brigands
  A gnoll sergeant (D:6)
  11 bullfrogs
  9 scorpions
  10 wights (D:9)
  An elf skeleton (D:7)
  8 killer bees
  2 electric eels (Lair:4)
  A howler monkey (D:10)
  2 centaur zombies (Ossuary)
  3 bombardier beetles
  2 hounds (D:5)
  7 human zombies
  A jelly (Lair:4)
  4 orc priests
  2 iguanas
  Jessica (D:3)
  Ijyb (D:4)
  Terence (D:2)
  6 scorpion zombies (Ossuary)
  A human skeleton (D:7)
  2 orc wizards
  10 hell rats
  3 mummies (Ossuary)
  19 gnolls
  5 adders
  A white imp (D:5)
  2 adder zombies (Ossuary)
  4 dart slugs
  A ribbon worm (D:2)
  24 orcs
  15 ball pythons
  3 bats
  9 endoplasms
  5 giant cockroaches
  8 goblins
  4 hobgoblins
  3 jackals (D:2)
  4 quokkas
  4 frilled lizards
  5 jackal zombies (Ossuary)
  12 kobolds
  An orc skeleton (D:7)
  2 orc zombies
  4 rats
  A spectral orc (D:4)
397 creatures vanquished.

Notes
Turn   | Place    | Note
-------+----------+-------------------------------------------
     0 | D:1      | qw the Djinni Hunter began the quest for the Orb.
     0 | D:1      | Reached XP level 1. HP: 18/18 MP: 0/0
     0 | D:1      | 0 ||| qw: Version: 0.3-a-135-gb77e89d
     0 | D:1      | 0 ||| qw: Game counter: 924
     0 | D:1      | 0 ||| qw: Melee chars always use a shield: true
     0 | D:1      | 0 ||| qw: God list: Okawaru
     0 | D:1      | 0 ||| qw: Allow faded altars: false
     0 | D:1      | 0 ||| qw: Do Orc after clearing Dungeon:15 true
     0 | D:1      | 0 ||| qw: Do second Lair branch before Depths: true
     0 | D:1      | 0 ||| qw: Lair rune preference: random
     0 | D:1      | 0 ||| qw: Goals: Normal
     0 | D:1      | 0 ||| PLANNING D:1-11
   259 | D:1      | Reached XP level 2. HP: 23/23 MP: 0/0
   713 | D:1      | Reached skill level 4 in Ranged Weapons
   713 | D:1      | Reached XP level 3. HP: 28/28 MP: 0/0
   713 | D:1      | Learned a level 1 spell: Sting
   718 | D:1      | You are sucked into a shaft and drop 1 floor!
   730 | D:2      | 730 ||| UPGRADING to +0 ring mail.
   740 | D:2      | 740 ||| DROPPING +0 leather armour.
   741 | D:2      | 741 ||| UPGRADING to +0 cloak.
   746 | D:2      | 746 ||| READING scroll labelled ZOURIDI GASET.
   747 | D:2      | 747 ||| READING scroll labelled VIT ELLOANOU.
   748 | D:2      | 748 ||| READING 3 scrolls labelled ACRAMUO SAPEE.
   800 | D:2      | 800 ||| READING scroll labelled DOANNU CAANIX.
   800 | D:2      | 800 ||| IDENTIFYING fizzy inky potion
   801 | D:2      | 801 ||| DROPPING scroll of butterflies.
   802 | D:2      | 802 ||| DROPPING 2 scrolls of torment.
  1015 | D:1      | 1015 ||| UPGRADING to +2 helmet of see invisible.
  1020 | D:1      | 1020 ||| UPGRADING to +5 ring of evasion.
  1021 | D:1      | 1021 ||| READING scroll labelled FIRASK PELIHORCHAB.
  1221 | D:2      | 1221 ||| RETREEEEATING.
  1225 | D:2      | 1225 ||| RETREEEEATING.
  1226 | D:2      | Reached skill level 1 in Armour
  1227 | D:2      | 1227 ||| RETREEEEATING.
  1228 | D:2      | 1228 ||| RETREEEEATING.
  1229 | D:2      | 1229 ||| RETREEEEATING.
  1231 | D:2      | 1231 ||| RETREEEEATING.
  1232 | D:2      | 1232 ||| RETREEEEATING.
  1233 | D:2      | 1233 ||| RETREEEEATING.
  1249 | D:2      | Reached XP level 4. HP: 14/34 MP: 0/0
  1262 | D:2      | 1262 ||| FLEEEEING.
  1510 | D:2      | Reached skill level 3 in Fighting
  1549 | D:2      | Noticed Terence
  1561 | D:2      | Killed Terence
  1731 | D:2      | 1731 ||| READING 4 scrolls of identify.
  1731 | D:2      | 1731 ||| IDENTIFYING blue potion
  1732 | D:2      | 1732 ||| READING 3 scrolls of identify.
  1732 | D:2      | 1732 ||| IDENTIFYING fizzy yellow potion
  1733 | D:2      | 1733 ||| READING 2 scrolls of identify.
  1733 | D:2      | 1733 ||| IDENTIFYING fizzy coppery potion
  1734 | D:2      | 1734 ||| READING scroll of identify.
  1734 | D:2      | 1734 ||| IDENTIFYING golden potion
  1735 | D:2      | 1735 ||| READING scroll labelled VEMAUMUREI.
  1735 | D:2      | 1735 ||| BRANDING +0 shortbow.
  1736 | D:2      | 1736 ||| DROPPING potion of berserk rage.
  1758 | D:3      | Reached XP level 5. HP: 40/40 MP: 0/0
  1758 | D:3      | Learned a level 2 spell: Blink
  1768 | D:3      | 1768 ||| FLEEEEING.
  1772 | D:3      | 1772 ||| FLEEEEING.
  1773 | D:3      | 1773 ||| FLEEEEING.
  1774 | D:3      | 1774 ||| FLEEEEING.
  1775 | D:3      | 1775 ||| STAIRDANCE
  1855 | D:3      | Noticed Jessica
  1856 | D:3      | Killed Jessica
  2148 | D:3      | Noticed Grinder
  2158 | D:3      | HP: 7/40 [Grinder (5)]
  2159 | D:3      | 2159 ||| DRINKING potion of heal wounds.
  2161 | D:3      | Killed Grinder
  2162 | D:3      | Reached skill level 5 in Ranged Weapons
  2162 | D:3      | Reached XP level 6. HP: 35/46 MP: 0/0
  2477 | D:3      | 2477 ||| UPGRADING to +4 ring of protection.
  2478 | D:3      | 2478 ||| READING scroll of identify.
  2478 | D:3      | 2478 ||| IDENTIFYING purple potion
  2479 | D:3      | 2479 ||| READING scroll labelled RINLONT DUGIPT.
  2484 | D:3      | 2484 ||| READING scroll labelled KUDINI ATEWAHIR.
  2484 | D:3      | Identified a scroll of acquirement
  2484 | D:3      | 2484 ||| ACQUIRING +5 heavy arbalest
  2484 | D:3      | Acquired a +5 heavy arbalest
  2486 | D:3      | 2486 ||| SWAPPING to +5 heavy arbalest.
  2487 | D:3      | 2487 ||| DROPPING +0 heavy shortbow.
  2510 | D:4      | 2510 ||| STAIRDANCE
  2515 | D:4      | 2515 ||| STAIRDANCE
  2521 | D:3      | Reached XP level 7. HP: 26/50 MP: 0/0
  2521 | D:3      | Learned a level 3 spell: Teleport Other
  2625 | D:4      | Reached skill level 3 in Dodging
  2850 | D:4      | Noticed Ijyb
  2857 | D:4      | Killed Ijyb
  3129 | D:4      | Reached skill level 6 in Ranged Weapons
  3251 | D:4      | Identified the +1 ring mail of Etzat {MP-9 Str+3}
  3311 | D:4      | Found a staircase to the Ecumenical Temple.
  3312 | D:4      | 3312 ||| PLANNING TEMPLE
  3312 | D:4      | 3312 ||| UPGRADING to +1 ring mail of Etzat {MP-9 Str+3}.
  3322 | D:4      | 3322 ||| DROPPING +0 ring mail.
  3323 | D:4      | 3323 ||| READING 2 scrolls of identify.
  3323 | D:4      | 3323 ||| IDENTIFYING fizzy emerald potion
  3324 | D:4      | 3324 ||| READING scroll of identify.
  3324 | D:4      | 3324 ||| IDENTIFYING sapphire potion
  3325 | D:4      | 3325 ||| DROPPING potion of attraction.
  3326 | D:4      | 3326 ||| DROPPING potion of ambrosia.
  3332 | Temple   | Entered the Ecumenical Temple
  3333 | Temple   | 3333 ||| PLANNING OKAWARU WORSHIP
  3347 | Temple   | Became a worshipper of Warmaster Okawaru
  3348 | Temple   | 3348 ||| PLANNING D:1-11
  3516 | D:4      | Found a hazy altar of Hepliaklqana.
  3803 | D:5      | Entered Level 5 of the Dungeon
  3829 | D:5      | 3829 ||| FLEEEEING.
  3830 | D:5      | 3830 ||| FLEEEEING.
  3831 | D:5      | 3831 ||| FLEEEEING.
  3832 | D:5      | 3832 ||| FLEEEEING.
  3833 | D:5      | 3833 ||| FLEEEEING.
  3834 | D:5      | 3834 ||| FLEEEEING.
  3835 | D:5      | 3835 ||| FLEEEEING.
  3836 | D:5      | 3836 ||| FLEEEEING.
  3837 | D:5      | 3837 ||| FLEEEEING.
  3838 | D:5      | 3838 ||| FLEEEEING.
  3839 | D:5      | 3839 ||| FLEEEEING.
  3848 | D:5      | Noticed Edmund
  3849 | D:5      | 3849 ||| ZAPPING wand of quicksilver (9) at -1,3 (Edmund;
                  | floor).
  3850 | D:5      | 3850 ||| DRINKING potion of haste.
  3854 | D:5      | Killed Edmund
  3855 | D:5      | Reached XP level 8. HP: 40/58 MP: 0/0
  4352 | D:5      | Reached * piety under Okawaru
  4540 | D:5      | Reached skill level 7 in Ranged Weapons
  4548 | D:5      | Reached skill level 1 in Invocations
  4679 | D:5      | 4679 ||| READING scroll of identify.
  4679 | D:5      | 4679 ||| IDENTIFYING orange potion
  4680 | D:5      | 4680 ||| READING 2 scrolls labelled ZAUMARGHEAVY.
  4681 | D:5      | 4681 ||| READING scroll labelled FAOTIPSYOLUI.
  4782 | D:5      | 4782 ||| DRINKING 2 dark potions.
  4782 | D:5      | Gained mutation: Your mind is acute. (Int +4, Str/Dex -1)
                  | [potion of mutation]
  4782 | D:5      | Gained mutation: You sometimes lose your temper in combat.
                  | [potion of mutation]
  4782 | D:5      | Gained mutation: You are strong-willed. (Will+) [potion of
                  | mutation]
  4782 | D:5      | Lost mutation: You sometimes lose your temper in combat.
                  | [potion of mutation]
  4783 | D:5      | 4783 ||| DRINKING potion of mutation.
  4783 | D:5      | Lost mutation: Your mind is acute. (Int +4, Str/Dex -1)
                  | [potion of mutation]
  4783 | D:5      | Lost mutation: You are strong-willed. (Will+) [potion of
                  | mutation]
  4783 | D:5      | Gained mutation: You sometimes lose your temper in combat.
                  | [potion of mutation]
  4783 | D:5      | Gained mutation: You are somewhat resistant to further
                  | mutation. [potion of mutation]
  4783 | D:5      | Gained mutation: You are partially covered in iridescent
                  | scales. (AC +2) [potion of mutation]
  4784 | D:5      | 4784 ||| DROPPING scroll of fear.
  4785 | D:5      | 4785 ||| DROPPING potion of invisibility.
  4881 | D:6      | Found an opulent altar of Gozag.
  4890 | D:6      | Reached skill level 3 in Invocations
  4896 | D:6      | 4896 ||| RETREEEEATING.
  4897 | D:6      | 4897 ||| RETREEEEATING.
  4898 | D:6      | 4898 ||| RETREEEEATING.
  4899 | D:6      | 4899 ||| RETREEEEATING.
  4900 | D:6      | 4900 ||| RETREEEEATING.
  4901 | D:6      | 4901 ||| RETREEEEATING.
  4902 | D:6      | 4902 ||| RETREEEEATING.
  4903 | D:6      | 4903 ||| RETREEEEATING.
  4919 | D:6      | Reached XP level 9. HP: 65/65 MP: 0/0
  4919 | D:6      | Learned a level 3 spell: Sigil of Binding
  5225 | D:6      | 5225 ||| READING scroll labelled XOASO MOELA.
  5226 | D:6      | 5226 ||| READING scroll labelled YZECKU HASYL.
  5227 | D:6      | 5227 ||| READING scroll labelled VYPUSE NASHE.
  5227 | D:6      | 5227 ||| ENCHANTING +0 cloak.
  5228 | D:6      | 5228 ||| READING scroll labelled AZXUIH DAOM.
  5329 | D:6      | 5329 ||| READING scroll labelled RUOCSU DEURGH.
  5329 | D:6      | 5329 ||| ENCHANTING +5 heavy arbalest.
  5358 | D:7      | 5358 ||| PLANNING OSSUARY
  5660 | D:7      | Found a sand-covered staircase.
  5680 | D:7      | 5680 ||| UPGRADING to +2 cloak.
  5690 | D:7      | 5690 ||| DROPPING +1 cloak.
  5691 | D:7      | 5691 ||| UPGRADING to amulet of faith.
  5696 | D:7      | 5696 ||| READING scroll of identify.
  5696 | D:7      | 5696 ||| IDENTIFYING puce potion
  5697 | D:7      | 5697 ||| DROPPING potion of lignification.
  5701 | Ossuary  | Entered an ossuary
  5713 | Ossuary  | Reached ** piety under Okawaru
  5772 | Ossuary  | Reached skill level 8 in Ranged Weapons
  5812 | Ossuary  | Reached skill level 6 in Fighting
  5832 | Ossuary  | 5832 ||| RETREEEEATING.
  5837 | Ossuary  | Reached *** piety under Okawaru
  5991 | Ossuary  | Reached XP level 10. HP: 72/72 MP: 0/0
  6006 | Ossuary  | 6006 ||| READING 3 scrolls of identify.
  6006 | Ossuary  | 6006 ||| IDENTIFYING 2 silvery potions
  6007 | Ossuary  | 6007 ||| READING 2 scrolls of identify.
  6007 | Ossuary  | 6007 ||| IDENTIFYING scroll labelled ZAODIT WUJIU
  6008 | Ossuary  | 6008 ||| DROPPING scroll of immolation.
  6051 | D:7      | 6051 ||| PLANNING D:1-11
  6367 | D:8      | Reached skill level 9 in Ranged Weapons
  6375 | D:8      | Identified the +3 ring mail "Wuel Rau" {rF++}
  6522 | D:8      | Reached skill level 6 in Dodging
  6666 | D:8      | Reached skill level 3 in Armour
  6706 | D:8      | Noticed a two-headed ogre
  6707 | D:8      | 6707 ||| INVOKING Heroism.
  6713 | D:8      | Killed a two-headed ogre
  6713 | D:8      | Reached **** piety under Okawaru
  6806 | D:8      | Noticed Pikel
  6807 | D:8      | 6807 ||| INVOKING Finesse.
  6809 | D:8      | Killed Pikel
  7242 | D:8      | 7242 ||| UPGRADING to +3 ring mail "Wuel Rau" {rF++}.
  7252 | D:8      | 7252 ||| DROPPING +1 ring mail of Etzat {MP-9 Str+3}.
  7296 | D:9      | Noticed Joseph
  7297 | D:9      | 7297 ||| INVOKING Finesse.
  7302 | D:9      | Killed Joseph
  7454 | D:9      | 7454 ||| RETREEEEATING.
  7836 | D:9      | 7836 ||| RETREEEEATING.
  7838 | D:9      | 7838 ||| RETREEEEATING.
  7843 | D:9      | Reached XP level 11. HP: 78/79 MP: 0/0
  7843 | D:9      | Learned a level 4 spell: Cause Fear
  8017 | D:9      | 8017 ||| DROPPING ring of see invisible.
  8018 | D:9      | 8018 ||| READING 2 scrolls of identify.
  8018 | D:9      | 8018 ||| IDENTIFYING coppery potion
  8032 | D:10     | Entered Level 10 of the Dungeon
  8033 | D:10     | 8033 ||| RETREEEEATING.
  8034 | D:10     | 8034 ||| RETREEEEATING.
  8035 | D:10     | 8035 ||| RETREEEEATING.
  8036 | D:10     | 8036 ||| RETREEEEATING.
  8037 | D:10     | 8037 ||| RETREEEEATING.
  8038 | D:10     | 8038 ||| RETREEEEATING.
  8040 | D:10     | 8040 ||| DRINKING potion of cancellation.
  8042 | D:10     | Reached skill level 10 in Ranged Weapons
  8042 | D:10     | Reached skill level 6 in Invocations
  8058 | D:10     | Reached ***** piety under Okawaru
  8250 | D:10     | Noticed Snorg
  8251 | D:10     | 8251 ||| INVOKING Finesse.
  8254 | D:10     | 8254 ||| INVOKING Heroism.
  8257 | D:10     | Killed Snorg
  8321 | D:10     | Noticed a six-headed hydra
  8322 | D:10     | 8322 ||| INVOKING Finesse.
  8328 | D:10     | Killed a six-headed hydra
  8335 | D:10     | 8335 ||| ZAPPING wand of quicksilver (8) at 2,1 (centaur;
                  | floor).
  8335 | D:10     | Noticed a six-headed hydra
  8336 | D:10     | 8336 ||| RETREEEEATING.
  8337 | D:10     | 8337 ||| RETREEEEATING.
  8338 | D:10     | 8338 ||| RETREEEEATING.
  8339 | D:10     | 8339 ||| RETREEEEATING.
  8340 | D:10     | 8340 ||| RETREEEEATING.
  8341 | D:10     | 8341 ||| RETREEEEATING.
  8342 | D:10     | 8342 ||| RETREEEEATING.
  8343 | D:10     | 8343 ||| RETREEEEATING.
  8344 | D:10     | 8344 ||| RETREEEEATING.
  8345 | D:10     | 8345 ||| RETREEEEATING.
  8346 | D:10     | 8346 ||| RETREEEEATING.
  8347 | D:10     | 8347 ||| ZAPPING wand of quicksilver (7) at 5,2 (six-headed
                  | hydra; floor).
  8348 | D:10     | 8348 ||| INVOKING Finesse.
  8349 | D:10     | HP: 17/81 [centaur/arrow (6)]
  8350 | D:10     | 8350 ||| READING 8 scrolls of teleportation.
  8351 | D:10     | 8351 ||| DRINKING potion of heal wounds.
  8352 | D:10     | Killed a six-headed hydra
  8352 | D:10     | Received a gift from Okawaru
  8510 | D:10     | Found a snail-covered altar of Cheibriados.
  8592 | D:10     | 8592 ||| READING scroll of enchant weapon.
  8592 | D:10     | 8592 ||| ENCHANTING +6 heavy arbalest.
  8722 | D:10     | Found a burning altar of Makhleb.
  8979 | D:10     | Found a staircase to the Orcish Mines.
  9045 | D:10     | Found a staircase to the Lair.
  9050 | D:10     | 9050 ||| PLANNING LAIR
  9050 | D:10     | 9050 ||| UPGRADING to scarf of repulsion.
  9060 | D:10     | 9060 ||| READING 3 scrolls of identify.
  9060 | D:10     | 9060 ||| IDENTIFYING black potion
  9061 | D:10     | 9061 ||| DROPPING potion of degeneration.
  9066 | Lair:1   | Entered Level 1 of the Lair of Beasts
  9110 | Lair:1   | 9110 ||| RETREEEEATING.
  9114 | Lair:1   | Noticed Harold
  9115 | Lair:1   | 9115 ||| RETREEEEATING.
  9173 | Lair:1   | 9173 ||| INVOKING Finesse.
  9181 | Lair:1   | Killed Harold
  9196 | Lair:1   | Reached XP level 12. HP: 86/86 MP: 0/0
  9198 | Lair:1   | Reached skill level 9 in Invocations
  9203 | Lair:1   | Received a gift from Okawaru
  9226 | Lair:1   | 9226 ||| FLEEEEING.
  9227 | Lair:1   | 9227 ||| FLEEEEING.
  9228 | Lair:1   | 9228 ||| FLEEEEING.
  9229 | Lair:1   | 9229 ||| FLEEEEING.
  9430 | Lair:1   | Reached skill level 11 in Ranged Weapons
  9430 | Lair:1   | 9430 ||| INVOKING Finesse.
  9470 | Lair:1   | 9470 ||| DRINKING potion of mutation.
  9470 | Lair:1   | Lost mutation: You are partially covered in iridescent
                  | scales. (AC +2) [potion of mutation]
  9470 | Lair:1   | Lost mutation: You sometimes lose your temper in combat.
                  | [potion of mutation]
  9470 | Lair:1   | Lost mutation: You are somewhat resistant to further
                  | mutation. [potion of mutation]
  9470 | Lair:1   | Gained mutation: You have a somewhat thin skeletal
                  | structure. (Dex +2, Stealth+) [potion of mutation]
  9470 | Lair:1   | Gained mutation: You expend health (3 HP) to strengthen
                  | your wands. [potion of mutation]
  9509 | Lair:1   | 9509 ||| READING scroll of acquirement.
  9509 | Lair:1   | 9509 ||| ACQUIRING +3 heavy longbow
  9509 | Lair:1   | Acquired a +3 heavy longbow
  9511 | Lair:1   | 9511 ||| SWAPPING to +3 heavy longbow.
  9512 | Lair:1   | 9512 ||| DROPPING +7 heavy arbalest.
  9953 | Lair:2   | Found a staircase to the Shoals.
  9983 | Lair:2   | Found a hide-covered altar of Uskayaw.
  9993 | Lair:2   | Received a gift from Okawaru
 10071 | Lair:2   | Found a hole to the Spider Nest.
 10211 | Lair:2   | 10211 ||| INVOKING Finesse.
 10212 | Lair:2   | 10212 ||| INVOKING Heroism.
 10293 | Lair:2   | Found a dark tunnel.
 10331 | Lair:2   | Reached skill level 9 in Fighting
 10576 | Lair:3   | 10576 ||| RETREEEEATING.
 10577 | Lair:3   | 10577 ||| RETREEEEATING.
 10578 | Lair:3   | 10578 ||| RETREEEEATING.
 10579 | Lair:3   | 10579 ||| RETREEEEATING.
 10580 | Lair:3   | 10580 ||| RETREEEEATING.
 10581 | Lair:3   | 10581 ||| RETREEEEATING.
 10592 | Lair:3   | Reached skill level 9 in Dodging
 10635 | Lair:3   | Noticed Gastronok
 10636 | Lair:3   | 10636 ||| INVOKING Finesse.
 10637 | Lair:3   | Noticed a five-headed hydra
 10641 | Lair:3   | Killed a five-headed hydra
 10650 | Lair:3   | Killed Gastronok
 10788 | Lair:3   | 10788 ||| READING scroll of enchant weapon.
 10788 | Lair:3   | 10788 ||| ENCHANTING +3 heavy longbow.
 10859 | Lair:3   | 10859 ||| RETREEEEATING.
 10861 | Lair:3   | 10861 ||| RETREEEEATING.
 10863 | Lair:3   | 10863 ||| RETREEEEATING.
 10864 | Lair:3   | 10864 ||| RETREEEEATING.
 10865 | Lair:3   | 10865 ||| RETREEEEATING.
 10868 | Lair:3   | 10868 ||| RETREEEEATING.
 10869 | Lair:3   | 10869 ||| RETREEEEATING.
 10876 | Lair:3   | Reached XP level 13. HP: 75/94 MP: 0/0
 10876 | Lair:3   | Learned a level 5 spell: Summon Forest
 10884 | Lair:3   | Received a gift from Okawaru
 10927 | Lair:3   | Noticed a catoblepas
 10928 | Lair:3   | 10928 ||| INVOKING Finesse.
 10936 | Lair:3   | Killed a catoblepas
 10937 | Lair:3   | Reached skill level 12 in Ranged Weapons
 11079 | Lair:3   | 11079 ||| RETREEEEATING.
 11081 | Lair:3   | 11081 ||| RETREEEEATING.
 11082 | Lair:3   | 11082 ||| RETREEEEATING.
 11084 | Lair:3   | 11084 ||| RETREEEEATING.
 11088 | Lair:3   | 11088 ||| RETREEEEATING.
 11089 | Lair:3   | 11089 ||| RETREEEEATING.
 11090 | Lair:3   | 11090 ||| RETREEEEATING.
 11091 | Lair:3   | 11091 ||| RETREEEEATING.
 11093 | Lair:3   | 11093 ||| RETREEEEATING.
 11095 | Lair:3   | 11095 ||| RETREEEEATING.
 11096 | Lair:3   | 11096 ||| RETREEEEATING.
 11242 | Lair:3   | 11242 ||| RETREEEEATING.
 11266 | Lair:3   | 11266 ||| FLEEEEING.
 11685 | Lair:3   | Noticed a four-headed hydra
 11686 | Lair:3   | 11686 ||| INVOKING Finesse.
 11691 | Lair:3   | Killed a four-headed hydra
 11696 | Lair:3   | Received a gift from Okawaru
 11986 | Lair:4   | 11986 ||| RETREEEEATING.
 11987 | Lair:4   | 11987 ||| RETREEEEATING.
 11995 | Lair:4   | HP: 24/96 [komodo dragon (23)]
 11996 | Lair:4   | 11996 ||| READING 11 scrolls of teleportation.
 11997 | Lair:4   | 11997 ||| DRINKING potion of heal wounds.
 12197 | Lair:4   | Noticed a five-headed hydra
 12198 | Lair:4   | 12198 ||| INVOKING Finesse.
 12200 | Lair:4   | Killed a five-headed hydra
 12489 | Lair:4   | Noticed a five-headed hydra
 12490 | Lair:4   | 12490 ||| RETREEEEATING.
 12492 | Lair:4   | 12492 ||| RETREEEEATING.
 12493 | Lair:4   | 12493 ||| RETREEEEATING.
 12494 | Lair:4   | 12494 ||| RETREEEEATING.
 12514 | Lair:4   | 12514 ||| INVOKING Finesse.
 12524 | Lair:4   | Killed a five-headed hydra
 12554 | Lair:4   | Found a staircase to the Slime Pits.
 12554 | Lair:4   | Found a viscous altar of Jiyva.
 12692 | Lair:4   | Received a gift from Okawaru
 12693 | Lair:4   | Reached skill level 13 in Ranged Weapons
 12918 | Lair:5   | Entered Level 5 of the Lair of Beasts
 12920 | Lair:5   | 12920 ||| STAIRDANCE
 12925 | Lair:5   | 12925 ||| STAIRDANCE
 12966 | Lair:5   | 12966 ||| STAIRDANCE
 13049 | Lair:5   | 13049 ||| FLEEEEING.
 13050 | Lair:5   | 13050 ||| FLEEEEING.
 13051 | Lair:5   | 13051 ||| FLEEEEING.
 13052 | Lair:5   | 13052 ||| FLEEEEING.
 13076 | Lair:5   | 13076 ||| FLEEEEING.
 13077 | Lair:5   | 13077 ||| FLEEEEING.
 13078 | Lair:5   | 13078 ||| FLEEEEING.
 13079 | Lair:5   | 13079 ||| FLEEEEING.
 13080 | Lair:5   | 13080 ||| STAIRDANCE
 13135 | Lair:5   | 13135 ||| STAIRDANCE
 13340 | Lair:5   | 13340 ||| READING scroll of enchant weapon.
 13340 | Lair:5   | 13340 ||| ENCHANTING +4 heavy longbow.
 13365 | Lair:5   | Received a gift from Okawaru
 13366 | Lair:5   | Reached XP level 14. HP: 83/103 MP: 0/0
 13373 | Lair:5   | 13373 ||| RETREEEEATING.
 13374 | Lair:5   | 13374 ||| RETREEEEATING.
 13375 | Lair:5   | 13375 ||| RETREEEEATING.
 13376 | Lair:5   | 13376 ||| RETREEEEATING.
 13377 | Lair:5   | 13377 ||| RETREEEEATING.
 13378 | Lair:5   | 13378 ||| RETREEEEATING.
 13379 | Lair:5   | 13379 ||| INVOKING Finesse.
 13380 | Lair:5   | 13380 ||| INVOKING Heroism.
 13568 | Lair:5   | 13568 ||| RETREEEEATING.
 13615 | Lair:5   | 13615 ||| INVOKING Finesse.
 13616 | Lair:5   | 13616 ||| INVOKING Heroism.
 13679 | Lair:5   | Reached skill level 14 in Ranged Weapons
 13786 | Lair:5   | 13786 ||| RETREEEEATING.
 13787 | Lair:5   | 13787 ||| RETREEEEATING.
 13789 | Lair:5   | 13789 ||| RETREEEEATING.
 13790 | Lair:5   | 13790 ||| RETREEEEATING.
 13792 | Lair:5   | Received a gift from Okawaru
 13807 | Lair:5   | HP: 14/105 [death yak (22)]
 13808 | Lair:5   | 13808 ||| READING 10 scrolls of teleportation.
 13808 | Lair:5   | Slain by a death yak

Levels and vault maps discovered:
D:1:      amcnicky_arrival_feature_with_door, layout_basic
D:2:      layout_basic, uniq_terence
D:3:      layout_basic, uniq_grinder, uniq_jessica
D:4:      layout_basic, nicolae_hepliaklqana_monster_ancestors,
          minmay_temple_entry_enclosed_plants, small_statue_intersection,
          chequers_serial_rivers_micro_b, roderic_serpentine_path, uniq_ijyb
D:5:      layout_basic, uniq_edmund
D:6:      layout_cave_pools, mainiacjoe_overflow_catwalk
D:7:      layout_cave_pools, nicolae_ossuary_entry_catacombs, patterned_corridor
D:8:      layout_loops_corners, minmay_misc_feat_four_crosses, uniq_pikel
D:9:      layout_irregular_city, minmay_sticks_and_stones
D:10:     layout_gridville, slow_altar_1, david_lair_shrubbed, orc_0_dummy,
          minmay_ruined_shrine, uniq_snorg
Temple:   hellmonk_temple_of_storms
Lair:1:   layout_roguey, pdpol_lair_neglected_garden, grunt_megastairs_1,
          lemuel_fruit_tree, infiniplex_staircase_pool_2, uniq_harold
Lair:2:   layout_misc_corridors, elwin_shoals_entry_rocks,
          spider_nest_entry_funnel_web, basic_altar,
          nicolae_volcano_entry_two_sided, minivault_23
Lair:3:   layout_layer_cave, uniq_gastronok
Lair:4:   layout_gridlike, minmay_slime_entry_pillars, serial_bayou,
          serial_bayou_ford_a, serial_bayou_crossing, serial_bayou_lake_a,
          serial_bayou_pond_b
Lair:5:   minmay_lair_end_enchanted_forest, layout_regular_city,
          lemuel_fruit_fields

Skill      XL: |  1  2  3  4  5  6  7  8  9 10 11 12 13 14 |
---------------+-------------------------------------------+-----
Ranged Weapons | 4 5 6 7 8 9 10 11 13 14 | 14.0
Armour         | 1 2 3 4 |  4.4
Fighting       | 3 4 5 6 7 8 9 10 11 | 11.1
Dodging        | 4 5 6 7 9 10 | 10.0
Invocations    | 3 4 5 8 10 | 10.1
Stealth        | |  0.7

Action                     |  1- 3 |  4- 6 |  7- 9 | 10-12 | 13-15 || total
---------------------------+-------+-------+-------+-------+-------++-------
   Fire: Shortbow          |    92 |    75 |       |       |       ||   167
         Arbalest          |       |     6 |   216 |   242 |       ||   464
         Longbow           |       |       |       |    88 |   310 ||   398
 Invoke: Finesse           |       |       |       |     9 |     6 ||    15
         Heroism           |       |       |       |     3 |     2 ||     5
  Evoke: Wand              |       |       |     1 |     2 |       ||     3
    Use: Scroll            |     5 |     8 |    11 |     8 |     3 ||    35
         Potion            |       |     1 |     3 |     3 |     1 ||     8
 Armour: Leather armour    |     9 |       |       |       |       ||     9
         Ring mail         |    19 |    32 |   101 |   180 |   144 ||   476
  Dodge: Dodged            |    41 |    68 |   210 |   417 |   359 ||  1095
         Repelled          |       |       |       |     1 |     1 ||     2

Table legend:
 A = Non-vault XP
 B = Vault XP
 C = Vault XP percentage of total XP
 D = Non-vault monster count
 E = Vault monster count
 F = Vault count percentage of total count
                 A         B        C        D         E       F
            +---------+---------+-------+---------+---------+-------
      Total |   34712 |   20253 |  36.8 |     276 |     121 |  30.5
            +---------+---------+-------+---------+---------+-------
        D:1 |      36 |       0 |   0.0 |      21 |       0 |   0.0
        D:2 |      58 |      36 |  38.3 |      24 |       1 |   4.0
        D:3 |      86 |     309 |  78.2 |      19 |       2 |   9.5
        D:4 |     310 |      40 |  11.4 |      26 |       3 |  10.3
        D:5 |     497 |     164 |  24.8 |      17 |       1 |   5.6
        D:6 |     518 |       0 |   0.0 |      12 |       0 |   0.0
        D:7 |     382 |     261 |  40.6 |       5 |       6 |  54.5
        D:8 |    1594 |     651 |  29.0 |      23 |       1 |   4.2
        D:9 |    1247 |     450 |  26.5 |      19 |       1 |   5.0
       D:10 |    1398 |    3837 |  73.3 |      11 |      12 |  52.2
     Lair:1 |    6043 |    1212 |  16.7 |      27 |       3 |  10.0
     Lair:2 |    1595 |     798 |  33.3 |       7 |       4 |  36.4
     Lair:3 |    8806 |    1518 |  14.7 |      30 |       1 |   3.2
     Lair:4 |    6103 |    1736 |  22.1 |      17 |       8 |  32.0
     Lair:5 |    6039 |    7958 |  56.9 |      18 |      45 |  71.4
    Ossuary |       0 |    1283 | 100.0 |       0 |      33 | 100.0
            +---------+---------+-------+---------+---------+-------
